AoeStats
← Juanfreelance

Oasis

508322815Analyzed
2v2 RM · 10d ago on Sep 21, 2026· 44m 38s· 4 players
Game mode
Random Map
Map size
Medium (4 player)
Population
200
Speed
Normal
Resources
Standard
Victory
Conquest
Starting age
Dark Age
Ending age
Imperial Age
RankedLock teamsTeams togetherTeam positionsShared explorationLock speedFull tech treeHidden civsTurbo modeCheats
Victory
Defeat
🇵🇦 Persians · Panama
1239
+12
🇺🇸 Khmer · United States
1228
+13
🇲🇽 Wei · Mexico
1175
-13
🇲🇽 Turks · Mexico
1136
-12
Supreme Lord 'Kim Xi Trump'
6:16 Loom
11:13 Feudal Age
11:52 Double-Bit Axe
14:24 Horse Collar
18:17 Castle Age
17:22 Scale Barding Armor
18:02 Gold Mining
24:23 Forging
25:40 Bow Saw
26:16 Iron Casting
26:40 Bloodlines
26:30 Husbandry
27:03 Husbandry
27:48 Tusk Swords
29:39 Town Watch
30:30 Wheelbarrow
31:55 Bloodlines
32:52 Chain Barding Armor
33:07 Iron Casting
32:51 Pikeman
37:56 Imperial Age
35:39 Fletching
37:46 Elite Skirmisher
38:31 Padded Archer Armor
38:26 Bodkin Arrow
42:09 Conscription
42:12 Leather Archer Armor
41:57 Bracer
44:07 Ballistics
Juanfreelance
6:04 Loom
9:06 Feudal Age
9:27 Horse Collar
9:39 Double-Bit Axe
21:31 Castle Age
19:29 Gold Mining
20:36 Forging
20:31 Scale Barding Armor
20:37 Bloodlines
22:21 Husbandry
23:16 Heavy Plow
23:27 Bow Saw
23:54 Gold Shaft Mining
23:55 Wheelbarrow
25:04 Iron Casting
29:03 Hand Cart
29:42 Chain Barding Armor
38:04 Imperial Age
36:47 Town Watch
37:42 Heavy Camel Rider
39:25 Blast Furnace
39:00 Plate Barding Armor
38:48 Conscription
40:42 Crop Rotation
41:14 Two-Man Saw
40:18 Kamandaran
39:48 Light Cavalry
41:04 Fletching
41:59 Hussar
43:25 Bodkin Arrow
44:35 Chemistry
44:16 Town Patrol
44:20 Padded Archer Armor
83T01SRA3L
5:42 Loom
11:31 Feudal Age
16:25 Castle Age
14:57 Double-Bit Axe
15:24 Horse Collar
15:50 Gold Mining
18:39 Fletching
19:42 Bow Saw
20:57 Bodkin Arrow
23:17 Ballistics
24:07 Heavy Plow
24:01 Stone Mining
25:57 Bloodlines
25:48 Husbandry
27:06 Wheelbarrow
34:58 Scale Barding Armor
35:03 Forging
34:56 Padded Archer Armor
35:10 Thumb Ring
36:05 Chain Barding Armor
37:36 Tuntian
39:20 Iron Casting
38:12 Pikeman
38:53 Squires
40:10 Town Watch
40:40 Hand Cart
44:27 Imperial Age
42:09 Scale Mail Armor
43:17 Gold Shaft Mining
43:32 Chain Mail Armor
Soldado1rken
10:13 Feudal Age
9:07 Loom
17:41 Double-Bit Axe
17:49 Horse Collar
20:25 Castle Age
18:21 Gold Mining
21:49 Heavy Plow
22:16 Scale Barding Armor
22:22 Forging
26:36 Wheelbarrow
26:36 Bloodlines
26:52 Bow Saw
27:36 Gold Shaft Mining
28:20 Chain Barding Armor
28:41 Husbandry
29:17 Hand Cart
29:13 Town Watch
34:05 Forging
37:42 Iron Casting
42:09 Imperial Age
40:28 Stone Mining
42:12 Heavy Camel Rider
Connection lost

Rejoining the realm…

Still unreachable

The connection could not be restored.

Session expired

The server has moved on; the page needs a fresh start.